AoeStats
← [CL] Maga Oscura

Nomad

514460002Analyzed
4v4 RM · 1mo ago on Oct 18, 2026· 38m 46s· 8 players
Game mode
Random Map
Map size
231×231
Population
200
Speed
Normal
Resources
Standard
Victory
Conquest
Starting age
Dark Age
Ending age
Imperial Age
RankedLock teamsTeams togetherTeam positionsShared explorationLock speedFull tech treeHidden civsTurbo modeCheats
Victory
Defeat
🇨🇱 Byzantines · Chile
1741
+7
🇨🇱 Tupi · Chile
1547
+14
🇦🇷 Malians · Argentina
1506
+15
🇨🇱 Vikings · Chile
1490
+15
vs
🇲🇽 Khmer · Mexico
1554
-15
🇹🇼 Britons · Taiwan
1551
-15
🇦🇷 Malians · Argentina
1449
-11
🇺🇸 Khitans · United States
1436
-10
CAXCAN
5:17 Loom
15:33 Feudal Age
18:45 Castle Age
17:54 Horse Collar
18:57 Bloodlines
18:55 Double-Bit Axe
20:01 Scale Barding Armor
20:08 Forging
20:13 Husbandry
27:25 Wheelbarrow
26:38 Town Watch
33:32 Medium Warships
36:08 Chain Barding Armor
36:24 Fishing Lines
40:09 Imperial Age
38:42 Ballistics
38:41 Hand Cart
Takerofthehill
5:08 Loom
13:03 Feudal Age
15:43 Fletching
17:14 Double-Bit Axe
22:08 Castle Age
23:38 Medium Warships
26:34 Demolition Ship
30:22 Fervor
32:11 Domestication
34:11 Bodkin Arrow
35:19 Ballistics
37:55 Stone Mining
38:05 Guard Tower
38:56 Arson
b09581270
5:53 Loom
16:39 Feudal Age
17:09 Fishing Lines
18:33 Double-Bit Axe
20:53 Castle Age
18:42 Double-Bit Axe
19:22 Stone Mining
19:27 Horse Collar
19:40 Fletching
20:15 Gold Mining
21:01 Padded Archer Armor
22:24 Wheelbarrow
22:20 Bow Saw
28:44 Imperial Age
27:33 Bodkin Arrow
29:51 Bracer
30:16 Ballistics
37:47 Hand Cart
Teyo
4:32 Loom
16:06 Feudal Age
16:50 Double-Bit Axe
16:58 Horse Collar
21:36 Fishing Lines
25:09 Castle Age
24:32 Gold Mining
24:34 Stone Mining
25:35 Forging
25:25 Scale Mail Armor
26:22 Bow Saw
27:54 Wheelbarrow
27:05 Town Watch
27:29 Fishing Lines
28:00 Heavy Plow
29:18 Iron Casting
31:16 Hand Cart
31:32 Chain Mail Armor
32:05 Arson
36:23 Scale Barding Armor
36:44 Bloodlines
36:35 Husbandry
38:29 Gold Shaft Mining
[CL] Dubstepyzed
4:12 Loom
14:16 Feudal Age
14:45 Double-Bit Axe
16:55 Man-at-Arms
19:35 Arson
20:34 Town Watch
21:45 Fishing Lines
28:57 Castle Age
27:02 Fletching
33:12 Bodkin Arrow
33:30 Gillnets
33:50 Medium Warships
37:02 Horse Collar
38:30 Careening
six semen
12:27 Feudal Age
13:40 Double-Bit Axe
14:15 Loom
18:56 Castle Age
16:50 Fishing Lines
17:40 Fletching
18:02 Forging
20:31 Wheelbarrow
19:49 Gillnets
20:21 Medium Warships
21:29 Iron Casting
21:50 Bow Saw
22:28 Squires
22:49 Scale Mail Armor
33:29 Imperial Age
31:46 Stone Mining
34:19 Scale Barding Armor
35:29 Chain Barding Armor
35:42 Husbandry
35:52 Bloodlines
35:06 Light Cavalry
36:26 Town Watch
37:01 Gold Mining
38:02 Plate Barding Armor
38:28 Gold Shaft Mining
[CL] Maga Oscura
13:37 Feudal Age
14:47 Loom
17:26 Castle Age
15:31 Double-Bit Axe
15:49 Fletching
20:40 Bodkin Arrow
21:27 Bow Saw
22:16 Horse Collar
25:02 Town Watch
25:56 Wheelbarrow
28:05 Ballistics
30:19 Padded Archer Armor
30:52 Town Watch
33:37 Heavy Plow
33:28 Gold Mining
39:41 Imperial Age
38:24 Stone Mining
HR | Darkjosh89
5:16 Loom
14:36 Feudal Age
15:11 Double-Bit Axe
18:19 Castle Age
16:07 Horse Collar
19:25 Bow Saw
19:19 Heavy Plow
23:54 Wheelbarrow
23:31 Gold Mining
25:49 Hand Cart
26:08 Stone Mining
28:51 Imperial Age
27:08 Gold Shaft Mining
27:59 Fletching
28:36 Ballistics
28:40 Bodkin Arrow
28:47 Padded Archer Armor
28:25 Crossbowman
30:35 Chemistry
29:08 Elite Skirmisher
31:51 Padded Archer Armor
31:55 Bracer
34:13 Conscription
34:32 Coinage
34:40 Padded Archer Armor
35:48 Leather Archer Armor
37:04 Crop Rotation
38:27 Ring Archer Armor
Connection lost

Rejoining the realm…

Still unreachable

The connection could not be restored.

Session expired

The server has moved on; the page needs a fresh start.